 Dungeon Crawl Stone Soup version 0.28.0-47-ge53b351184 (webtiles) character file.

Game seed: 12491346941178544090

326 Iusername the Shield-Bearer (level 6, -3/56 HPs)
             Began as a Minotaur Fighter on May 9, 2022.
             Slain by an ogre
             ... wielding a +0 giant club
              (21 damage)
             ... on level 5 of the Dungeon.
             The game lasted 00:04:36 (3918 turns).

Iusername the Shield-Bearer (Minotaur Fighter)      Turns: 3918, Time: 00:04:37

Health: -3/56      AC:  9    Str: 22    XL:     6   Next: 24%
Magic:  5/5        EV:  8    Int:  5    God:
Gold:   300        SH:  8    Dex: 10    Spells: 5/5 levels left

rFire   . . .      SeeInvis .   a - +0 long sword
rCold   . . .      Faith    .   l - +0 kite shield
rNeg    . . .      Spirit   .   b - +0 scale mail
rPois   .          Reflect  .   (helmet restricted)
rElec   .          Harm     .   j - +0 cloak
rCorr   .          Rampage  .   (no gloves)
Will    .....                   k - +0 pair of boots
Stlth   ..........              (no amulet)
HPRegen 0.18/turn               (no ring)
MPRegen 0.09/turn               (no ring)

@: no status effects
A: horns 2, retaliatory headbutt
a: no special abilities


You were on level 5 of the Dungeon.
You visited 1 branch of the dungeon, and saw 5 of its levels.

You collected 300 gold pieces.

Inventory:

Hand Weapons
 a - a +0 long sword (weapon)
Armour
 b - a +0 scale mail (worn)
 j - a +0 cloak (worn)
 k - a +0 pair of boots (worn)
 l - a +0 kite shield (worn)
Jewellery
 n - a ring of ice
Wands
 s - a wand of iceblast (9)
Scrolls
 c - a scroll of immolation {unknown}
 e - a scroll of noise {unknown}
 h - a scroll of teleportation {unknown}
 i - 2 scrolls of identify {unknown}
 o - a scroll of enchant armour {unknown}
 p - a scroll of fear {unknown}
 q - a scroll of enchant weapon {unknown}
Potions
 d - a potion of might
 f - 2 potions of cancellation {unknown}
 g - 2 potions of heal wounds {unknown}
 m - a potion of invisibility {unknown}
 r - a potion of curing {unknown}


   Skills:
 + Level 5.2 Fighting
 + Level 4.4 Long Blades
 + Level 5.2 Armour
 + Level 5.3 Shields


You had 5 spell levels left.
You didn't know any spells.
Your spell library contained the following spells:

 Spells                   Type           Power      Damage    Failure   Level
 Magic Dart               Conj           0%         1d3       98%         1
 Call Imp                 Summ           0%         N/A       99%         2
 Mephitic Cloud           Conj/Pois/Air  0%         N/A       100%        3


Dungeon Overview and Level Annotations

Branches:
Dungeon (5/15)
 Temple: D:4-7

Altars:


Innate Abilities, Weirdness & Mutations

You have a pair of horns on your head.
You reflexively headbutt those who attack you in melee.


Message History

You slash the ogre!
You kill the ogre!
You have reached level 6!
Key pressed, stopping explore.
No target in view!
HP restored.
Key pressed, stopping explore.
No target in view!
Found a glowing ring mail.
You now have 300 gold pieces (gained 11).
No target in view!
An ogre comes into view. It is wielding a +0 giant club.
The ogre shouts!
An ogre is nearby!
You hit the ogre.
The ogre is lightly wounded.
The ogre closely misses you. You furiously retaliate!
You headbutt the ogre.
An ogre is nearby!
An ogre is nearby!
You slash the ogre! You headbutt the ogre!
The ogre is severely wounded.
The ogre hits you with a +0 giant club!!
Ouch! That really hurt!
An ogre is nearby!
You are too injured to fight recklessly!
An ogre is nearby!
You are too injured to fight recklessly!
An ogre is nearby!
You are too injured to fight recklessly!
An ogre is nearby!
You hit the ogre.
The ogre is severely wounded.
The ogre hits you with a +0 giant club!
You hit the ogre. Your headbutt misses the ogre.
The ogre is almost dead.
You block the ogre's attack.
You barely miss the ogre.
The ogre is almost dead.
The ogre hits you with a +0 giant club!!
You die...

####.####
#.....# #.# #.#
#######.###
#.#### #.#
#.......# #.....
#.#
##.#####.####
###### #.#
#.........).#
#..#####.##.#
#.####..#####.#
#
..............#
#.##.###@###...#
... #O....##.
### #[##### .##
#


You could see an ogre.

Vanquished Creatures
  An ice beast (D:5)
  An ogre (D:5)
  A howler monkey zombie (D:5)
  6 adders
  5 orcs (D:5)
  12 ball pythons
  8 endoplasms
  9 giant cockroaches
  6 goblins
  5 hobgoblins
  4 jackals (D:1)
  7 quokkas
  3 bats (D:1)
  A frilled lizard (D:1)
  4 kobolds (D:1)
  7 rats
80 creatures vanquished.

Vanquished Creatures (others)
  2 fungi (D:3)
  4 toadstools (D:3)
6 creatures vanquished.

Grand Total: 86 creatures vanquished

Notes
Turn   | Place    | Note
-------+----------+-------------------------------------------
     0 | D:1      | Iusername the Minotaur Fighter began the quest for the Orb.
     0 | D:1      | Reached XP level 1. HP: 19/19 MP: 0/0
   101 | D:1      | Reached XP level 2. HP: 22/27 MP: 1/1
   358 | D:1      | Reached XP level 3. HP: 25/33 MP: 2/2
  1069 | D:2      | Reached XP level 4. HP: 41/41 MP: 3/3
  2019 | D:3      | Found a glowing drain.
  2164 | D:3      | Found a faded altar of an unknown god.
  2592 | D:4      | Reached XP level 5. HP: 35/47 MP: 4/4
  2671 | D:4      | You fall into a shaft and drop 1 floor!
  2671 | D:5      | Entered Level 5 of the Dungeon
  2682 | D:5      | Noticed an ice beast
  2691 | D:5      | Killed an ice beast
  2692 | D:5      | Reached skill level 5 in Fighting
  2692 | D:5      | Reached skill level 5 in Armour
  2692 | D:5      | Reached skill level 5 in Shields
  3817 | D:5      | Noticed an ogre
  3821 | D:5      | Killed an ogre
  3822 | D:5      | Reached XP level 6. HP: 41/56 MP: 5/5
  3918 | D:5      | Slain by an ogre

Illustrated notes

Levels and vault maps discovered:
D:1:      lightli_arrival_chessboard, layout_rooms,
          chequers_serial_rivers_small_3
D:2:      layout_basic, nicolae_concentric_dashed_squares_wild
D:3:      layout_basic, gup_sewer_entry_glass,
          hellmonk_ecumenical_altar_lost_god, minmay_gold_behind_fungi
D:4:      layout_basic, minmay_box_of_dots, uniq_blork_the_orc
D:5:      layout_loops_ring

Skill      XL: |  1  2  3  4  5 |
---------------+----------------+-----
Fighting       | 4 5 |  5.2
Shields        | 4 5 |  5.3
Armour         | 4 5 |  5.2
Long Blades    | 3 4 |  4.4

Action                   |  1- 3 |  4- 6 || total
-------------------------+-------+-------++-------
Melee: Long sword        |    99 |    84 ||   183
       Headbutt          |     9 |     9 ||    18
Armor: Scale mail        |    50 |    37 ||    87
Dodge: Dodged            |    63 |    45 ||   108
Block: Buckler           |    33 |     8 ||    41
       Kite shield       |       |    18 ||    18
